 Dungeon Crawl Stone Soup version 0.28.0-53-g5a82cb258f (webtiles) character file.

Game seed: 15809841699967666756

66 LustLizard the Firebug (level 4, -7/35 HPs)
             Began as a Hill Orc Fire Elementalist on June 28, 2022.
             Succumbed to a water moccasin's poison
             ... on level 3 of the Dungeon.
             The game lasted 00:09:58 (2205 turns).

LustLizard the Firebug (Hill Orc Fire Elementalist) Turns: 2205, Time: 00:09:59

Health: -7/35      AC:  3    Str: 12    XL:     4   Next: 15%
Magic:  0/6        EV: 11    Int: 15    God:
Gold:   109        SH:  0    Dex: 11    Spells: 4/6 levels left

rFire   + . .      SeeInvis .   h - +0 hand axe
rCold   . . .      Faith    .   (no shield)
rNeg    . . .      Spirit   .   e - +0 leather armour
rPois   .          Reflect  .   (no helmet)
rElec   .          Harm     .   (no cloak)
rCorr   .          Rampage  .   (no gloves)
Will    .....                   (no boots)
Stlth   ++........              (no amulet)
HPRegen 0.11/turn               j - ring of protection from fire
MPRegen 0.10/turn               (no ring)

@: mighty, lethally poisoned (-7 -> -47), very slightly contaminated
A: no striking features
a: no special abilities


You were on level 3 of the Dungeon.
You visited 1 branch of the dungeon, and saw 3 of its levels.

You collected 109 gold pieces.

Inventory:

Hand Weapons
 h - a +0 hand axe (weapon)
Missiles
 f - 6 atropa-tipped darts
 g - 80 stones
Armour
 a - a +0 robe
 e - a +0 leather armour (worn)
Jewellery
 d - a ring of ice
 j - a ring of protection from fire (left hand)
Scrolls
 b - 2 scrolls of blinking {unknown}
 n - a scroll of acquirement {unknown}
Potions
 i - a potion of invisibility {unknown}
 k - a potion of resistance {unknown}
 l - a potion of degeneration {unknown}
 m - a potion of lignification {unknown}
 o - a potion of magic {unknown}


   Skills:
 + Level 1.2 Fighting
 - Level 0.5 Axes
 - Level 1.5 Dodging
 + Level 2.0 Stealth
 + Level 1.8 Spellcasting
 * Level 2.1 Conjurations
 - Level 3.7 Fire Magic
 * Level 0.8 Earth Magic


You had 4 spell levels left.
You knew the following spells:

 Your Spells              Type           Power      Damage    Failure   Level
a - Foxfire               Conj/Fire      40%        2x1d6     9%          1
b - Sandblast             Erth           6%         2d5       21%         1

Your spell library contained the following spells:

 Spells                   Type           Power      Damage    Failure   Level
 Scorch                   Fire           24%        2d6       9%          2
 Conjure Flame            Conj/Fire      10%        6-21      26%         3
 Animate Skeleton         Necr           2%         N/A       28%         1
 Apportation              Tloc           2%         N/A       28%         1
 Pain                     Necr           4%         1d4       28%         1
 Summon Small Mammal      Summ           4%         N/A       28%         1
 Passwall                 Tmut/Erth      1%         N/A       36%         2
 Inner Flame              Hex/Fire       7%         N/A       36%         3
 Stone Arrow              Conj/Erth      10%        3d7       43%         3
 Flame Wave               Conj/Fire      10%        2d5       63%         4
 Vampiric Draining        Necr           1%         2d6       65%         3
 Malign Gateway           Summ/Tloc      0%         N/A       100%        7
 Summon Horrible Things   Summ           0%         N/A       100%        8


Dungeon Overview and Level Annotations

Branches:
Dungeon (3/15)

Altars:

Shops:
D:3 (


Message History

You conjure some foxfire!
The foxfire hits the water moccasin but does no damage.
The water moccasin is lightly wounded.
You conjure some foxfire!
The foxfire hits the water moccasin.
The water moccasin is moderately wounded.
The foxfire hits the water moccasin.
The water moccasin is heavily wounded.
You miscast Foxfire.
You are very lightly contaminated with residual magic.
Nothing appears to happen.
The foxfire hits the water moccasin.
The water moccasin is heavily wounded.
The foxfire hits the water moccasin.
The water moccasin is heavily wounded.
The foxfire hits the water moccasin.
The water moccasin is severely wounded.
You conjure some foxfire!
You hit the water moccasin.
The water moccasin is almost dead.
The foxfire hits the water moccasin.
The water moccasin is almost dead.
The foxfire hits the water moccasin but does no damage.
The water moccasin is almost dead.
The water moccasin bites you.
You are poisoned.
The water moccasin poisons you! The water moccasin bites you.
You are more poisoned.
The water moccasin poisons you!
You closely miss the water moccasin.
The water moccasin is almost dead.
* * * LOW HITPOINT WARNING * * *
You feel extremely sick. The water moccasin bites you.
* * * LOW HITPOINT WARNING * * *
The water moccasin bites you.
* * * LOW HITPOINT WARNING * * *
You are more poisoned.
The water moccasin poisons you!
It was a potion of might.
You feel very mighty all of a sudden.
You die...

#.......#..#.#.....).......
..###..............##.#.#..
### #####<........## .. #
##.#.###.#.# ..#
########....###.#.# .#
#....)..........#.# #
..###...###.#†..#.#
..#G#...#G#.......####..
..###...###....S@.......
........[...............
......_.................
#................#####..
#.###...###.....## .
#.#G#...#G#..####
#.###...###..#
#............#
#...###..###.#


You could see a water moccasin.

Vanquished Creatures
  2 adders
  A worm (D:3)
  4 ball pythons
  A bat (D:1)
  2 endoplasms
  7 goblins
  8 hobgoblins
  2 jackals
  3 kobolds
  3 quokkas (D:1)
  4 frilled lizards
  3 rats
40 creatures vanquished.

Vanquished Creatures (others)
  91 foxfires
91 creatures vanquished.

Grand Total: 131 creatures vanquished

Notes
Turn   | Place    | Note
-------+----------+-------------------------------------------
     0 | D:1      | LustLizard the Hill Orc Fire Elementalist began the quest
                  | for the Orb.
     0 | D:1      | Reached XP level 1. HP: 14/14 MP: 3/3
     2 | D:1      | Noticed a demigod
     2 | D:1      | Noticed a felid
     4 | D:1      | Noticed a human
     4 | D:1      | Noticed a dwarf
     6 | D:1      | Noticed a formicid
     8 | D:1      | Noticed a naga
     8 | D:1      | Noticed a draconian
    10 | D:1      | Noticed a merfolk
    12 | D:1      | Noticed a troll
    12 | D:1      | Noticed a spriggan
    14 | D:1      | Noticed a demonspawn
    16 | D:1      | Noticed a vampire
    18 | D:1      | Noticed a minotaur
    18 | D:1      | Noticed an elf
    20 | D:1      | Noticed an ogre
    20 | D:1      | Noticed an octopode
    22 | D:1      | Noticed a vine stalker
    22 | D:1      | Noticed a ghoul
    24 | D:1      | Noticed a gargoyle
    24 | D:1      | Noticed a tengu
   186 | D:1      | Reached XP level 2. HP: 22/22 MP: 0/4
   794 | D:1      | Reached XP level 3. HP: 27/27 MP: 3/5
  1171 | D:2      | Reached skill level 1 in Fighting
  1178 | D:2      | Learned a level 1 spell: Sandblast
  2008 | D:3      | Reached XP level 4. HP: 32/35 MP: 3/6
  2044 | D:3      | Found a faded altar of an unknown god.
  2045 | D:3      | Noticed a shining eye
  2048 | D:3      | Noticed a floating eye
  2054 | D:3      | Found Jega Vadyx's Weapon Emporium.
  2054 | D:3      | Noticed a golden eye
  2088 | D:3      | Noticed a floating eye
  2158 | D:3      | Noticed a water moccasin
  2204 | D:3      | HP: 1/35 [water moccasin (2)]
  2205 | D:3      | Succumbed to a water moccasin's poison

Illustrated notes

Levels and vault maps discovered:
D:1:      kb_arrival_jail, layout_loops_ring
D:2:      layout_loops_ring, grunt_ministairs_3
D:3:      lemuel_castle_with_subvaults [lemuel_castle_interior_carwin_1],
          layout_loops_cross, hellmonk_ecumenical_altar_watching_god,
          gammafunk_ghost_mausoleum, serial_shops, shop_statue

Skill      XL: |  1  2  3 |
---------------+----------+-----
Fighting       | 1 |  1.2
Stealth        | 2 |  2.0
Conjurations   | 2 |  2.1
Axes           | |  0.5
Dodging        | |  1.5
Spellcasting   | |  1.8
Fire Magic     | |  3.7
Earth Magic    | |  0.8

Action                   |  1- 3 |  4- 6 || total
-------------------------+-------+-------++-------
Melee: Unarmed           |    35 |       ||    35
       Hand axe          |    10 |    14 ||    24
 Cast: Foxfire           |    47 |     6 ||    53
  Use: Potion            |       |     1 ||     1
 Stab: Sleeping          |     1 |     1 ||     2
Armor: Robe              |     2 |       ||     2
       Leather armour    |     2 |     2 ||     4
Dodge: Dodged            |    32 |     5 ||    37
